 Dungeon Crawl Stone Soup version 0.30-a0-629-gd54f4be4f7 (webtiles) character file.

Game seed: 13905264564158517305

6444 Mitcholas the Skirmisher (level 10, -24/60 HPs)
             Began as a Deep Elf Hunter on Jan 12, 2023.
             Was a High Priest of Okawaru.
             Annihilated by Harold
             ... wielding a +0 long sword
              (32 damage)
             ... on level 10 of the Dungeon.
             The game lasted 00:30:14 (7754 turns).

Mitcholas the Skirmisher (Deep Elf Hunter)          Turns: 7754, Time: 00:30:15

Health: -24/60     AC:  9    Str:  8    XL:     10   Next: 67%
Magic:  24/24      EV: 21    Int: 15    God:    Okawaru [*****.]
Gold:   524        SH:  5    Dex: 22    Spells: 9/9 levels left

rFire   + + +      SeeInvis +    N - +1 shortbow (freeze)
rCold   . . .      Faith    .    (shield currently unavailable)
rNeg    . . .      Spirit   .    C - +0 troll leather armour
rPois   .          Reflect  +    z - +0 helmet
rElec   .          Harm     .    (no cloak)
rCorr   .          Rampage  .    H - +0 pair of gloves
Will    +....                    l - +0 pair of boots
Stlth   +++++                    L - amulet of reflection
HPRegen 1.10/turn                D - ring of the Wizarding Hero {+Blink rF+++ rC- MP+9 SInv}
MPRegen 0.19/turn                P - ring of protection from cold

@: heroic
A: no striking features
a: Renounce Religion, Evoke Blink, Heroism, Finesse, Duel


You were on level 10 of the Dungeon.
You worshipped Okawaru.
Okawaru was extremely pleased with you.
You visited 2 branches of the dungeon, and saw 11 of its levels.

You collected 524 gold pieces.

Inventory:

Hand Weapons
 N - a +1 shortbow of freezing (weapon)
Missiles
 k - 2 atropa-tipped darts
 o - 5 datura-tipped darts
Armour
 l - a +0 pair of boots (worn)
 z - a +0 helmet (worn)
 C - a +0 troll leather armour (worn)
 H - a +0 pair of gloves (worn)
Jewellery
 D - the ring of the Wizarding Hero (left hand) {+Blink rF+++ rC- MP+9 SInv}
   (You found it on level 7 of the Dungeon)

   [ring of magical power]

   rF:        It renders you almost immune to fire.
   rC:        It makes you vulnerable to cold.
   MP:        It affects your magic capacity (+9).
   SInv:      It lets you see invisible.
   +Blink:    It lets you blink.
 E - a ring of wizardry
 K - a ring of resist corrosion
 L - an amulet of reflection (around neck)
 P - a ring of protection from cold (right hand)
Wands
 e - a wand of flame (21)
 I - a wand of paralysis (4)
Scrolls
 b - 2 scrolls of immolation
 h - a scroll of poison
 i - 3 scrolls of teleportation
 r - a scroll of silence {unknown}
 s - 5 scrolls of vulnerability
 u - a scroll of enchant weapon {unknown}
 v - a scroll of amnesia
 x - a scroll of enchant armour
 y - 2 scrolls of blinking
 B - a scroll of fog {unknown}
 F - 2 scrolls of magic mapping
Potions
 c - 3 potions of heal wounds
 f - 3 potions of lignification
 g - 3 potions of might
 j - 2 potions of flight
 m - a potion of resistance
 n - 5 potions of curing
 q - a potion of berserk rage
 t - a potion of mutation
 w - a potion of brilliance
 M - a potion of invisibility {unknown}
 O - a potion of haste


   Skills:
 + Level 5.7(10.7) Fighting
 * Level 13.3(18.3) Ranged Weapons
 - Level 4.0(9.0) Armour
 + Level 8.3(13.3) Dodging
 - Level 5.0(10.0) Stealth
 + Level 5.1 Invocations
 + Level 5.1 Evocations


You had 9 spell levels left.
You didn't know any spells.
Your spell library contained the following spells:

 Spells                   Type           Power      Damage    Failure   Level
 Sandblast                Erth           0%         2d4       34%         1
 Blink                    Tloc           0%         N/A       47%         2
 Passwall                 Tmut/Erth      0%         N/A       47%         2
 Static Discharge         Conj/Air       0%         2-2/arc   47%         2
 Portal Projectile        Hex/Tloc       0%         N/A       71%         3
 Stone Arrow              Conj/Erth      0%         3d7       71%         3
 Vhi's Electric Charge    Tloc/Air       0%         N/A       71%         3
 Leda's Liquefaction      Hex/Erth       0%         N/A       98%         4
 Manifold Assault         Tloc           0%         N/A       98%         4
 Arcjolt                  Conj/Air       0%         1d10      100%        5
 Lightning Bolt           Conj/Air       0%         1d11      100%        5
 Conjure Ball Lightning   Conj/Air       0%         3x3d6     100%        6
 Orb of Destruction       Conj           0%         9d5       100%        7
 Storm Form               Tmut/Air       0%         N/A       100%        7
 Discord                  Hex            0%         N/A       100%        8
 Disjunction              Tloc           0%         N/A       100%        8
 Call Canine Familiar     Summ           Unusable   N/A       N/A         3
 Summon Guardian Golem    Hex/Summ       Unusable   N/A       N/A         3
 Spellforged Servitor     Conj/Summ      Unusable   N/A       N/A         7

Dungeon Overview and Level Annotations

Branches:
Dungeon (10/15)            Temple (1/1) D:5            Lair (0/5) D:9
    Orc: D:9-12

Altars:
Ashenzari
Cheibriados
Dithmenos
Elyvilon
Fedhas
Gozag
Hepliaklqana
Kikubaaqudgha
Makhleb
Nemelex Xobeh
Okawaru
Qazlal
Ru
Sif Muna
Trog
Uskayaw
Vehumet
Wu Jian
Xom
Yredelemnul
Zin
The Shining One

Shops:
D:9 *

Annotations:
D:10 Harold, Snorg


Message History

You kill the orc warrior!
Okawaru accepts your kill.
Aiming: Mindburst
Press: ? - help, Shift-Dir - straight line, f - Harold
Aim: Harold, wielding a +0 long sword, wearing a +0 chain mail and quivering a throwing net (lightly wounded, strong, chance to affect: 50%) Harold resists with some effort.
Harold throws a throwing net.
The throwing net closely misses you.
Aiming: Mindburst
Press: ? - help, Shift-Dir - straight line, f/p - Harold
Aim: Harold, wielding a +0 long sword and wearing a +0 chain mail (lightly wounded, strong, chance to affect: 50%) Harold resists with some effort.
Aiming: Mindburst
Press: ? - help, Shift-Dir - straight line, f/p - Harold
Aim: Harold, wielding a +0 long sword and wearing a +0 chain mail (lightly wounded, strong, chance to affect: 50%) Harold resists with some effort.
Harold hits you with a +0 long sword.
Aiming: Mindburst
Press: ? - help, Shift-Dir - straight line, f/p - Harold
Aim: Harold, wielding a +0 long sword and wearing a +0 chain mail (lightly wounded, strong, chance to affect: 50%) Harold resists with some effort.
You hear a shout!
Harold hits you with a +0 long sword!!
You hear a shout!
Aiming: Mindburst
Press: ? - help, Shift-Dir - straight line, f/p - Harold
Aim: Harold, wielding a +0 long sword and wearing a +0 chain mail (lightly wounded, strong, chance to affect: 50%) Harold's mind is blasted!
Harold hits you but does no damage.
Aiming: Mindburst
Press: ? - help, Shift-Dir - straight line, f/p - Harold
Aim: Harold, wielding a +0 long sword and wearing a +0 chain mail (moderately wounded, strong, chance to affect: 50%) Harold resists with some effort.
Harold says, "Listen, it's nothing personal.
It's just a job."
Harold hits you with a +0 long sword!!
* * * LOW HITPOINT WARNING * * *
Aiming: Mindburst
Press: ? - help, Shift-Dir - straight line, f/p - Harold
Aim: Harold, wielding a +0 long sword and wearing a +0 chain mail (moderately wounded, strong, chance to affect: 50%) Harold's mind is blasted!!
The now-empty wand crumbles to dust.
Harold hits you with a +0 long sword!!
Ouch! That really hurt!
You die... .$. #....## ..oo#..... .⌠oo8.... .oooo.)o#

#o# #o#
#o# #@#
#@# #.#
#.#
#.#####
#(....#
#####.#
#...#
#.###
#.#


You could see Harold (strong) and 4 orcs.

Vanquished Creatures
  Erolcha (D:9)
  A two-headed ogre (D:9)
  Pikel (D:7)
  A kobold demonologist (D:9)
  2 trolls
  Sigmund (D:4)
  Grum (D:10)
  A water moccasin (D:9)
  A sky beast (D:7)
  5 orc warriors
  2 ice beasts
  A black bear (D:7)
  An ogre (D:5)
  A centaur (D:10)
  3 wolves (D:10)
  2 phantoms
  A kobold brigand (D:6)
  6 bullfrogs
  A necrophage (D:6)
  2 gnoll sergeants
  5 scorpions
  9 wights (D:8)
  A howler monkey (D:5)
  2 hounds
  4 orc priests
  2 jellies
  4 iguanas
  Ijyb (D:3)
  7 orc wizards
  11 gnolls
  9 adders
  2 shadow imps
  A white imp (D:8)
  4 dart slugs
  35 orcs
  7 endoplasms
  6 giant cockroaches
  4 hobgoblins
  12 jackals
  16 kobolds
  4 quokkas
  7 ball pythons
  2 bats
  4 frilled lizards
  3 goblins
  7 rats
204 creatures vanquished.

Vanquished Creatures (others)
  A human (D:7)
  14 fungi (D:9)
  16 plants (D:9)
31 creatures vanquished.

Grand Total: 235 creatures vanquished

Notes
Turn   | Place    | Note
-------+----------+-------------------------------------------
     0 | D:1      | Mitcholas the Deep Elf Hunter began the quest for the Orb.
     0 | D:1      | Reached XP level 1. HP: 12/12 MP: 3/3
   251 | D:1      | Reached XP level 2. HP: 17/17 MP: 4/4
   819 | D:2      | Reached XP level 3. HP: 12/21 MP: 5/5
  1094 | D:2      | Reached skill level 6 in Ranged Weapons
  1667 | D:3      | Noticed Ijyb
  1832 | D:3      | Reached XP level 4. HP: 26/26 MP: 6/6
  1861 | D:3      | Killed Ijyb
  1862 | D:3      | Reached skill level 1 in Armour
  1912 | D:3      | Found a glowing golden altar of the Shining One.
  1994 | D:3      | Found an iron altar of Okawaru.
  2009 | D:3      | Became a worshipper of Warmaster Okawaru
  2074 | D:3      | Found a burning altar of Makhleb.
  2074 | D:3      | Noticed a green death
  2077 | D:3      | Noticed a ynoxinul
  2077 | D:3      | Noticed a neqoxec
  2109 | D:3      | Identified the +4 scale mail of Sunlight {rC+}
  2422 | D:4      | Reached XP level 5. HP: 30/30 MP: 7/7
  2631 | D:4      | Reached skill level 7 in Ranged Weapons
  2663 | D:4      | Noticed Sigmund
  2672 | D:4      | Killed Sigmund
  2672 | D:4      | Reached * piety under Okawaru
  2673 | D:4      | Reached XP level 6. HP: 36/36 MP: 8/8
  2893 | D:5      | Entered Level 5 of the Dungeon
  2997 | D:5      | Reached XP level 7. HP: 40/41 MP: 9/9
  3031 | D:5      | Reached skill level 8 in Ranged Weapons
  3171 | D:5      | Found a staircase to the Ecumenical Temple.
  3216 | Temple   | Entered the Ecumenical Temple
  3373 | D:5      | Reached ** piety under Okawaru
  3982 | D:6      | Noticed a troll
  3990 | D:6      | HP: 2/41 [troll (4)]
  3991 | D:6      | Killed a troll
  3992 | D:6      | Reached skill level 9 in Ranged Weapons
  3992 | D:6      | Reached skill level 5 in Dodging
  3992 | D:6      | Reached skill level 5 in Stealth
  3992 | D:6      | Reached XP level 8. HP: 3/46 MP: 10/10
  4327 | D:6      | Reached *** piety under Okawaru
  4954 | D:7      | Reached skill level 10 in Ranged Weapons
  4998 | D:7      | Noticed Pikel
  5012 | D:7      | Killed Pikel
  5012 | D:7      | Reached **** piety under Okawaru
  5013 | D:7      | Reached skill level 1 in Invocations
  5013 | D:7      | Reached skill level 1 in Evocations
  5013 | D:7      | Reached XP level 9. HP: 52/52 MP: 10/12
  5068 | D:7      | Identified the ring of the Wizarding Hero {+Blink rF+++ rC-
                  | MP+9 SInv}
  5074 | D:7      | Found a sacrificial altar of Ru.
  5114 | D:7      | Found a hide-covered altar of Uskayaw.
  5154 | D:7      | Found an ancient bone altar of Kikubaaqudgha.
  5559 | D:8      | Reached skill level 11 in Ranged Weapons
  5598 | D:8      | Found an ornate altar of the Wu Jian Council.
  5645 | D:8      | Noticed a troll
  5654 | D:8      | Killed a troll
  5836 | D:8      | Identified the +1 leather armour "Luoschec" {rF+}
  5888 | D:8      | Found a white marble altar of Elyvilon.
  5956 | D:8      | Reached ***** piety under Okawaru
  6117 | D:8      | Found a bloodstained altar of Trog.
  6332 | D:9      | Reached skill level 5 in Fighting
  6450 | D:9      | Found Analysch's CLEARANCE SALE!.
  6605 | D:9      | Noticed a two-headed ogre
  6614 | D:9      | Killed a two-headed ogre
  6614 | D:9      | Received a gift from Okawaru
  6615 | D:9      | Reached skill level 12 in Ranged Weapons
  6615 | D:9      | Reached XP level 10. HP: 59/59 MP: 14/14
  6620 | D:9      | Found a hazy altar of Hepliaklqana.
  6841 | D:9      | Noticed Erolcha
  6850 | D:9      | Killed Erolcha
  7198 | D:9      | Reached skill level 13 in Ranged Weapons
  7268 | D:9      | Found a staircase to the Lair.
  7353 | D:10     | Entered Level 10 of the Dungeon
  7503 | D:10     | Noticed Grum
  7516 | D:10     | Killed Grum
  7551 | D:10     | Reached skill level 5 in Invocations
  7562 | D:10     | Reached skill level 5 in Evocations
  7608 | D:10     | Noticed Snorg
  7736 | D:10     | Noticed Harold
  7754 | D:10     | Annihilated by Harold

Illustrated notes

Levels and vault maps discovered:
D:1:      mainiacjoe_arrival_reflecting_pool, layout_loops_ring
D:2:      layout_basic
D:3:      layout_rooms, tso_altar, makhleb_altar_promises_db,
          mainiacjoe_overflow_24_doors, uniq_ijyb
D:4:      layout_rooms, uniq_sigmund
D:5:      minmay_chambers_of_fours, layout_gridville,
          minmay_temple_entry_glassed_door
D:6:      wander_river, layout_loops_cross
D:7:      layout_cave_pools, lemuel_doored_altar, tgw_kikubaaqudgha,
          mainiacjoe_overflow_catwalk, uniq_pikel
D:8:      layout_basic, old_standard_altar, trog_hazing_becter,
          lemuel_crystal_altar, serial_glass, glass_columns_b, glass_columns_c
D:9:      layout_cave_pods, nicolae_overflow_crystal_walls,
          grunt_lair_entry_orc_guard_hut, minivault_1, nicolae_shop_clearance,
          uniq_erolcha
D:10:     layout_basic, david_orc_5, uniq_snorg, uniq_harold, uniq_grum
Temple:   nicolae_temple_hex_pool

Skill      XL: |  1  2  3  4  5  6  7  8  9 10 |
---------------+-------------------------------+-----
Stealth        | 2 3 5 |  5.0
Dodging        | 3 4 5 6 7 8 |  8.3
Ranged Weapons | 6 7 9 10 12 13 | 13.3
Fighting       | 2 3 4 5 |  5.7
Armour         | 1 2 3 4 |  4.0
Invocations    | 1 3 5 |  5.1
Evocations     | 1 3 5 |  5.1

Action                   |  1- 3 |  4- 6 |  7- 9 | 10-12 || total
-------------------------+-------+-------+-------+-------++-------
 Fire: Shortbow          |   108 |   115 |   371 |   180 ||   774
Throw: Dart              |       |     2 |       |    12 ||    14
       Throwing net      |       |       |       |     4 ||     4
Invok: Heroism           |       |       |       |     1 ||     1
Evoke: Wand              |       |     4 |    14 |    16 ||    34
  Use: Scroll            |       |       |    13 |     4 ||    17
Armor: Leather armour    |     9 |    11 |       |       ||    20
       Robe              |       |     2 |    13 |       ||    15
       Troll leather arm |       |       |    13 |     7 ||    20
Dodge: Dodged            |    26 |    41 |   105 |    39 ||   211
Block: Other             |       |       |     2 |    13 ||    15
       Reflection        |       |       |     1 |       ||     1

Table legend: (Time is in decaauts)
 A = Elapsed time spent in this place.
 B = Non-inter-level travel time spent in this place.
 C = Inter-level travel time spent in this place.
 D = Time resting spent in this place.
 E = Time spent auto-exploring this place.
 F = Levels seen in this place.
 G = Mean time per level.
                   A        B        C        D        E       F      G
               +--------+--------+--------+--------+--------+-----+--------+
         Total |   7803 |   7423 |    380 |    460 |   5256 |  11 |  709.4 |
       Dungeon |   7709 |   7348 |    361 |    460 |   5192 |  10 |  770.9 |
        Temple |     94 |     75 |     19 |      0 |     64 |   1 |   94.0 |
               +--------+--------+--------+--------+--------+-----+--------+

Top non-repeatable levels by time:
     D:2: 1094 daAuts
     D:9: 1047 daAuts
     D:6: 997 daAuts
     D:5: 944 daAuts
     D:8: 829 daAuts
     D:1: 674 daAuts
     D:3: 613 daAuts
     D:7: 562 daAuts
     D:4: 559 daAuts
    D:10: 386 daAuts
  Temple: 94 daAuts
